[Event "Live Chess"]
[Site "Chess.com"]
[Date "2023.05.21"]
[Round "-"]
[White "booktrunk"]
[Black "TheKingKeir"]
[Result "0-1"]
[WhiteElo "1278"]
[BlackElo "1516"]
[TimeControl "300"]
[EndTime "4:51:00 PDT"]
[Termination "TheKingKeir won by resignation"]

1. d4 d5 2. Nf3 Nf6 3. h3 Bf5 4. Nc3 e6 5. Nh4 Bd6 6. Nxf5 exf5 7. Qd3 Ne4 8. Nxe4 fxe4 9. Qe3 O-O 10. Bd2 Nd7 11. f3 Bg3+ 12. Kd1 Nf6 13. f4 Bh4 14. f5 h6 15. Bb4 Bg5 16. Qg3 Re8 17. h4 Nh5 18. Qf2 Bf4 19. g4 Ng3 20. Qxf4 Nxh1 21. Qh2 a5 22. Bd2 c5 23. dxc5 e3 24. Bc3 d4 25. Bd2 Qd5 26. Be1 Nf2+ 27. Bxf2 exf2 28. Qxf2 Qxc5 29. Bg2 Rac8 30. Rc1 d3 31. exd3 Qxf2 0-1

[Event "Live Chess"]
[Site "Chess.com"]
[Date "2023.05.21"]
[Round "-"]
[White "gmnorfolk"]
[Black "CeladonFish"]
[Result "1-0"]
[WhiteElo "2126"]
[BlackElo "1096"]
[TimeControl "300"]
[EndTime "4:51:08 PDT"]
[Termination "gmnorfolk won by resignation"]

1. d4 Nf6 2. c4 g6 3. Nc3 Bg7 4. e4 O-O 5. Be2 d6 6. Be3 b6 7.
Bc1 c5 8. Be3 e5 9. dxe5 dxe5 10. Qxd8 Rxd8 11. Bg5 Rd6 12. Rd1 Rxd1+ 13. Kxd1 Na6 14.
f3 Nb4 15. a3 Nc6 16. Nd5 Nxd5 17. cxd5 Nd4 18. Be3 c4 19. Bxc4 Bb7 20. Ne2 Nxe2 21. Kxe2 Rc8 22. Kd3 f5 23. Rc1 fxe4+ 24. fxe4 Ba6 25.
Bxa6 1-0

[Event "Live Chess"]
[Site "Chess.com"]
[Date "2023.05.21"]
[Round "-"]
[White "Doge_Dandolo"]
[Black "domrobson"]
[Result "1-0"]
[WhiteElo "1892"]
[BlackElo "1711"]
[TimeControl "300"]
[EndTime "4:51:11 PDT"]
[Termination "Doge_Dandolo won by resignation"]

1. Nf3 Nf6 2. c4 e6 3. g3 d5 4. Bg2 c6 5. O-O Nbd7 6. d4 Bd6 7. Qc2 O-O 8. Nbd2 Re8 9. e4 dxe4 10. Nxe4 Nxe4 11. Qxe4 Nf6 12. Qc2 b6 13. Bg5 Bb7 14.
Rad1 Be7 15. Ne5 Qc7 16. Rfe1 Rac8 17. a3 h6 18. Bf4 Bd6 19. c5 bxc5 20. dxc5 Bxe5 21.
Bxe5 Qe7 22. Bxf6 Qxf6 23. Rd6 Red8 24. Red1 Ba8 25. b4 Rxd6 26. Rxd6 Rd8 27. Qd3 1-0

[Event "Live Chess"]
[Site "Chess.com"]
[Date "2023.05.21"]
[Round "-"]
[White "GEMdzq"]
[Black "Reggie016"]
[Result "1-0"]
[WhiteElo "2289"]
[BlackElo "1101"]
[TimeControl "300"]
[EndTime "4:51:19 PDT"]
[Termination "GEMdzq won by checkmate"]

1. e4 e6 2. d4 d5 3. Nc3 Bb4 4.
e5 Ne7 5. Bd2 c5 6. Nb5 Bxd2+ 7.
Qxd2 Nf5 8. dxc5 Nc6 9. Nd6+ Nxd6 10. exd6 Qf6 11. c3 O-O 12. Nf3 b6 13. Bb5 Ne5 14. c6 Nxf3+ 15. gxf3 Qxf3 16. Rg1 Qe4+ 17. Be2 Rd8 18. Qg5 Ba6 19. Qxg7# 1-0

[Event "Live Chess"]
[Site "Chess.com"]
[Date "2023.05.21"]
[Round "-"]
[White "Biranidun"]
[Black "Nakula1000"]
[Result "0-1"]
[WhiteElo "2514"]
[BlackElo "835"]
[TimeControl "300"]
[EndTime "4:51:29 PDT"]
[Termination "Nakula1000 won by resignation"]

1. e4 e5 2. Nf3 Nc6 3. Bc4 Nf6 4.
Ng5 d5 5. exd5 Na5 6. Bb5+ c6 7. dxc6 bxc6 8. Bd3 Bg4 9. f3 Bh5 10. Qe2 Qd4 11. Nc3 Qh4+ 12. g3 Qxg5 13. a3 a6 14. b4 Nb7 15. Bb2 Nd8 16. Kf2 Nd7 17. Ne4 Qe7 18. Bc4 f5 19. Nc3 Ne6 20. Rhe1 Ng5 21. Qd3 Bxf3 22. Qxf5 g6 23. Qd3 Nf6 24. h4 Ng4+ 25. Kf1 Rd8 26. hxg5 Rxd3 27. cxd3 Qxg5 28. Be6 Qh5 29. Bxg4 Qh1+ 30. Kf2 Qg2+ 0-1

[Event "Live Chess"]
[Site "Chess.com"]
[Date "2023.05.21"]
[Round "-"]
[White "Brooms1989"]
[Black "McSlash1"]
[Result "0-1"]
[WhiteElo "1137"]
[BlackElo "2003"]
[TimeControl "300"]
[EndTime "4:51:32 PDT"]
[Termination "McSlash1 won by checkmate"]

1. e4 c5 2. Nc3 Nc6 3. f4 g6 4.
Nf3 Bg7 5. Bb5 Nd4 6. Nxd4 cxd4 7. Be2 dxc3 8. dxc3 d6 9. O-O Nf6 10. e5 Qb6+ 11. Kh1 Ne4 12. exd6 Nf2+ 13. Rxf2 Qxf2 14. dxe7 Be6 15. Bb5+ Kxe7 16. b3 Rad8 17. Ba3+ Kf6 18. Qe1 Qxe1+ 19. Rxe1 Rd2 20. g4 Bd5+ 21. Kg1 g5 22.
fxg5+ Kxg5 23. Bc1 Bxc3 24. Bxd2+ Bxd2 25. Re5+ Kxg4 26. Rxd5 Bf4 27. Rd4 Kf3 28. Bc4 Be3+ 29. Kf1 Bxd4 30. Bxf7 Rf8 31. Bd5+ Ke3+ 32. Ke1 Bc3+ 33. Kd1 Rf1# 0-1

[Event "Live Chess"]
[Site "Chess.com"]
[Date "2023.05.21"]
[Round "-"]
[White "Pandreq"]
[Black "OleksiyJr1"]
[Result "0-1"]
[WhiteElo "1223"]
[BlackElo "1005"]
[TimeControl "300"]
[EndTime "4:51:33 PDT"]
[Termination "OleksiyJr1 won by resignation"]

1. d4 Nf6 2. c4 c6 3. Nc3 d5 4. cxd5 Nxd5 5. e4 Nxc3 6. bxc3 f6 7. Bc4 Nd7 8. Qh5+ g6 9. Qf3 e5 10. dxe5 Nxe5 11. Qe2 Nxc4 12. Qxc4 Bg7 13. Qd4 Be6 14. Nf3 O-O 15. e5 Qxd4 16. cxd4 fxe5 17. Nxe5 Bd5 18. O-O Rab8 19. Nd7 Bxd4 20. Nxb8 Bxa1 21. Nd7 Rd8 22.
Nc5 b6 23. Nb7 Rd7 24. Bh6 Bg7 25. Bf4 Rxb7 26. Re1 Bxa2 27. Re8+ Bf8 28. Bd6 Rf7 29. Ra8 Kg7 30. Be5+ Kh6 31. Bb8 Rd7 32. g3 Bd5 33. Rxa7 Rxa7 34. Bxa7 b5 35. Bd4 b4 36. h4 g5 37. Be3 Be7 38. Kh2 Kg6 39. Kh3 gxh4 40. gxh4 b3 41. Kg4 b2 42. h5+ Kf7 0-1

[Event "Live Chess"]
[Site "Chess.com"]
[Date "2023.05.21"]
[Round "-"]
[White "luckywookie"]
[Black "worldchessleaguelive"]
[Result "0-1"]
[WhiteElo "771"]
[BlackElo "1360"]
[TimeControl "300"]
[EndTime "4:51:33 PDT"]
[Termination "worldchessleaguelive won by checkmate"]

1. e4 d5 2. exd5 Qxd5 3. Nc3 Qd8 4.
Nf3 Nf6 5. d4 c6 6. Bd3 Bg4 7.
Be3 Nbd7 8. h3 Bxf3 9. Qxf3 e6 10. Bg5 Be7 11. Bxf6 Bxf6 12. Ne4 O-O 13. h4 Bxd4 14.
c3 Ne5 15. Qf4 Nxd3+ 16. Ke2 Nxf4+ 17. Kf3 e5 18. Rad1 Qb6 19. cxd4 Qxb2 20. dxe5 Ne6 21. Ng5 Nxg5+ 22. hxg5 Qxa2 23. g6 fxg6+ 24. Kg4 Qxf2 25. Rd7 Rf4+ 26. Kg5 h6+ 27. Rxh6 gxh6+ 28. Kxg6 Qxg2+ 29. Kxh6 Qh3+ 30. Kg6 Qxd7 31. Kg5 Qg4+ 32. Kh6 Raf8 33.
e6 R8f6# 0-1

[Event "Live Chess"]
[Site "Chess.com"]
[Date "2023.05.21"]
[Round "-"]
[White "jumush"]
[Black "matt1979"]
[Result "1-0"]
[WhiteElo "1753"]
[BlackElo "1541"]
[TimeControl "300"]
[EndTime "4:51:36 PDT"]
[Termination "jumush won by resignation"]

1. e4 c5 2. Nc3 Nc6 3. Bb5 g6 4. Bxc6 dxc6 5. d3 Bg7 6. f4 Nf6 7. Nf3 Bg4 8. O-O O-O 9. Bd2 Nd7 10. h3 Bxf3 11. Qxf3 Qc7 12. Rad1 b5 13. b3 b4 14. Ne2 f5 15. e5 e6 16. h4 Qb6 17.
Kh2 Qd8 18. g3 Rc8 19. Kg2 Nb6 20. h5 Nd5 21. hxg6 hxg6 22. Rh1 Ne7 23. Rdg1 Qd5 24.
c4 Qxf3+ 25. Kxf3 Rcd8 26. Nc1 Rd4 27. Be3 Rd7 28. Rd1 Rfd8 29. Bxc5 a6 30. Rd2 Bf8 31.
Bxe7 Bxe7 32. Rhd1 a5 33. d4 c5 34. Ne2 cxd4 35.
Rxd4 Rxd4 36. Rxd4 Kf7 37. Rxd8 Bxd8 38. Nd4 Bb6 39. Ke3 Kg7 40. Kd3 Kf7 41. Ke3 Bc7 42.
c5 g5 43. Kd3 gxf4 44. gxf4 Bb8 45. Kc4 Bc7 46. Kb5 Ke7 47. Kc6 Bd8 48. Kb7 Kf7 49.
c6 Ke7 50. c7 Bxc7 51. Kxc7 1-0

[Event "Live Chess"]
[Site "Chess.com"]
[Date "2023.05.21"]
[Round "-"]
[White "viktorskliarov"]
[Black "AMCWAML"]
[Result "1-0"]
[WhiteElo "2656"]
[BlackElo "2330"]
[TimeControl "300"]
[EndTime "4:51:48 PDT"]
[Termination "viktorskliarov won by resignation"]

1. e4 c5 2. Nf3 d6 3. d4 cxd4 4. Qxd4 a6 5. Be3 Nf6 6. Nc3 Nc6 7. Qd2 Ng4 8. Bg5 h6 9. Bh4 g5 10. Bg3 Bg7 11. h4 gxh4 12. Nxh4 Bd7 13. f3 Nge5 14. Nf5 Bxf5 15. exf5 b5 16. Nd5 Nd4 17. Bxe5 Bxe5 18.
f4 Bg7 19. f6 exf6 20. Qxd4 O-O 21. O-O-O f5 22. Qd3 Qf6 23. Nxf6+ 1-0

[Event "Live Chess"]
[Site "Chess.com"]
[Date "2023.05.21"]
[Round "-"]
[White "WelshTiger"]
[Black "djw60"]
[Result "1/2-1/2"]
[WhiteElo "2306"]
[BlackElo "2148"]
[TimeControl "300"]
[EndTime "4:52:09 PDT"]
[Termination "Game drawn by repetition"]

1. e4 e6 2. Nf3 d5 3. e5 c5 4. b4 b6 5. Bb5+ Bd7 6. Bxd7+ Qxd7 7. bxc5 bxc5 8. O-O Nh6 9. d3 Nc6 10. Bxh6 gxh6 11.
c4 dxc4 12. dxc4 Qxd1 13. Rxd1 Bg7 14. Re1 Ke7 15. Nc3 Rac8 16. Nb5 a6 17. Nc3 Rhd8 18. Rab1 Rc7 19. Na4 Nd4 20. Nxd4 Rxd4 21. Nb6 Rc6 22. a4 Bxe5 23. Nd5+ exd5 24. cxd5 Rd6 25. Rxe5+ Kf6 26. Ree1 R4xd5 27. g3 c4 28. Re4 Rc5 29. Rc1 c3 30. Kf1 c2 31. Ke2 Kg6 32. Rb4 a5 33.
Rb2 Rdc6 34. Kd2 Rd6+ 35. Ke2 Rdc6 36. Kd2 Rd6+ 37. Ke2 1/2-1/2

[Event "Live Chess"]
[Site "Chess.com"]
[Date "2023.05.21"]
[Round "-"]
[White "GMHarry-youtube"]
[Black "RockTroll"]
[Result "0-1"]
[WhiteElo "2028"]
[BlackElo "2236"]
[TimeControl "300"]
[EndTime "4:52:15 PDT"]
[Termination "RockTroll won on time"]

1. e4 e5 2. Nf3 Nc6 3. Bc4 Bc5 4. c3 Nf6 5. d3 d6 6. O-O h6 7. a4 a5 8. Nbd2 Ba7 9. Re1 g5 10. Nf1 g4 11. Nh4 Nxe4 12. dxe4 Qxh4 13. g3 Qh3 14. Be3 h5 15. Qb3 h4 16. Bxf7+ Kf8 17. Bg6 Nd8 18. Kh1 Be6 19. Qc2 Bxe3 20. fxe3 Kg7 21. Bf5 Bxf5 22. exf5 hxg3 23. Qg2 gxh2 24. Ng3 Nf7 25. Rf1 Ng5 26. f6+ Kf7 27. Qd5+ Ne6 28. Nf5 g3 29. Ng7 c6 30.
Qxe6+ Qxe6 31. Nxe6 Kxe6 32. Kg2 Raf8 33. Rf3 Rxf6 34.
Rxg3 Rfh6 35. Rh1 Kd5 36. Kf2 Kc4 37. Rg2 Kb3 38. Kf3 Rf8+ 39. Ke4 Rh4+ 40. Kd3 Rfh8 41.
Ra1 Rxa4 42. Rh1 Ra2 43. c4 Rxb2 44. Rxb2+ Kxb2 45. Ke2 Kc3 46. c5 dxc5 47. Rc1+ Kb4 48. Rh1 a4 49. Rb1+ Ka5 50. Rh1 b5 51. Kd2 b4 52. Kc2 Kb5 53. Kb2 c4 54. Ka2 c5 55.
Ka1 e4 56. Kb1 c3 57. Ka1 Kc4 58. Kb1 Kd3 59. Ka1 Kxe3 0-1

[Event "Live Chess"]
[Site "Chess.com"]
[Date "2023.05.21"]
[Round "-"]
[White "HoarseyHorsey"]
[Black "Crowded_House"]
[Result "1-0"]
[WhiteElo "1477"]
[BlackElo "1632"]
[TimeControl "300"]
[EndTime "4:52:18 PDT"]
[Termination "HoarseyHorsey won by checkmate"]

1. d4 e6 2. c4 d5 3. Nc3 Bb4 4.
e3 c5 5. Ne2 Nc6 6. a3 Bxc3+ 7.
bxc3 cxd4 8. cxd4 dxc4 9. Nc3 a6 10. Bxc4 b5 11. Ba2 Nf6 12. O-O O-O 13. Qd2 Bb7 14.
Bb2 Rc8 15. Rac1 Na7 16. Bb1 Nd5 17. Nxd5 Qxd5 18. e4 Qd7 19. Qd3 Rxc1 20. Rxc1 Rc8 21. Rxc8+ Qxc8 22. e5 g6 23. Qd2 Bd5 24. Bc1 Qc4 25. h4 Nc6 26. Bb2 Ne7 27. h5 Nf5 28. hxg6 hxg6 29. Bxf5 gxf5 30. Qg5+ Kf8 31. Bc1 Qxd4 32.
Be3 Qxe5 33. Bc5+ Qd6 34. Bxd6+ Ke8 35. Qe7# 1-0

[Event "Live Chess"]
[Site "Chess.com"]
[Date "2023.05.21"]
[Round "-"]
[White "TheSmoulderingMaster"]
[Black "seasidecastle27"]
[Result "0-1"]
[WhiteElo "1640"]
[BlackElo "1851"]
[TimeControl "300"]
[EndTime "4:52:20 PDT"]
[Termination "seasidecastle27 won by resignation"]

1. e4 d6 2. d4 e5 3. Nf3 Bg4 4. dxe5 Nc6 5. exd6 Bxd6 6. Bb5 Qe7 7. O-O O-O-O 8.
Nc3 Bxh2+ 9. Kh1 Rxd1 10. Rxd1 Bxf3 11. gxf3 Qh4 12. Kg2 Bf4 13. Rh1 Qg5+ 14. Kf1 Bxc1 0-1

[Event "Live Chess"]
[Site "Chess.com"]
[Date "2023.05.21"]
[Round "-"]
[White "Hacker_2009"]
[Black "JohanKjeldahl"]
[Result "1-0"]
[WhiteElo "1927"]
[BlackElo "1872"]
[TimeControl "300"]
[EndTime "4:52:37 PDT"]
[Termination "Hacker_2009 won by resignation"]

1. d4 Nf6 2. Nf3 e6 3. c4 b6 4.
Nc3 Bb7 5. e3 Bb4 6. Qc2 O-O 7.
Be2 d5 8. a3 Bxc3+ 9. Qxc3 Nbd7 10. O-O Ne4 11. Qc2 f5 12. b4 Ndf6 13. c5 c6 14. Bb2 Qe8 15. Rac1 b5 16. Ne5 a5 17.
Ra1 g5 18. f4 g4 19. Bd3 Qh5 20. g3 Qh3 21. Qg2 Qxg2+ 22. Kxg2 a4 23. Rac1 Rac8 24.
h3 h5 25. hxg4 hxg4 26. Rh1 Kg7 27. Rh2 Rh8 28. Rch1 Rxh2+ 29. Rxh2 Rh8 30. Rxh8 Kxh8 31. Nf7+ Kg7 32. Nd8 Ba8 33. Nxe6+ Kg6 34. Nd8 Nh5 35. Bxe4 fxe4 36. Ne6 Kf5 37. Nd8 Ng7 38. Nf7 Ke6 39. Nh6 Nf5 40. Nxg4 Bb7 41. Bc1 Bc8 42. Ne5 Bb7 43.
g4 Nh6 44. Kg3 Kf6 45. g5+ 1-0

[Event "Live Chess"]
[Site "Chess.com"]
[Date "2023.05.21"]
[Round "-"]
[White "Duke_of_Bebington"]
[Black "JanMur7"]
[Result "0-1"]
[WhiteElo "1576"]
[BlackElo "1976"]
[TimeControl "300"]
[EndTime "4:52:42 PDT"]
[Termination "JanMur7 won by resignation"]

1. e4 e5 2. Nf3 Nc6 3. Bc4 Bc5 4. b4 Bxb4 5. c3 Ba5 6. d4 exd4 7. O-O Nf6 8. e5 d5 9. exf6 dxc4 10. fxg7 Rg8 11. Nxd4 Nxd4 12. Qxd4 Qxd4 13. cxd4 Rxg7 14. Rd1 c3 15.
Na3 Bg4 16. Re1+ Kd7 17. Nc2 Re8 18. Rxe8 Kxe8 19. Ba3 Bf3 20. Re1+ Kd7 21. g3 f5 22. Rc1 f4 23. Ne1 Be4 24. f3 Bf5 25. g4 Be6 26. Rc2 Bb6 27. Rxc3 Bxd4+ 28. Kh1 Bxc3 0-1

[Event "Live Chess"]
[Site "Chess.com"]
[Date "2023.05.21"]
[Round "-"]
[White "WilliamofOrange16th"]
[Black "diana21strabt"]
[Result "0-1"]
[WhiteElo "1862"]
[BlackElo "1763"]
[TimeControl "300"]
[EndTime "4:52:47 PDT"]
[Termination "diana21strabt won by resignation"]

1. e4 d5 2. exd5 Qxd5 3. Nf3 Nf6 4. Nc3 Qa5 5. Be2 Bg4 6. h3 Bh5 7. O-O Nc6 8. g4 Bg6 9. d4 O-O-O 10. Bd2 Nxd4 11.
Nxd4 Rxd4 12. Qe1 e5 13. Ne4 Qd5 14. Nxf6 gxf6 15. Be3 Rb4 16. Qc3 Qc6 17. Bd2 Qxc3 18. Bxc3 Rb6 19. Rac1 Bb4 20. Bxb4 Rxb4 21. b3 Rd8 22. c3 Rb6 23. Rfd1 Rxd1+ 24. Rxd1 Rd6 25. Rxd6 cxd6 26. f4 Bb1 27. a3 Bc2 28. b4 Kc7 29. Kf2 f5 30. Ke3 fxg4 31. hxg4 b6 32. fxe5 dxe5 33.
Bc4 f6 34. Bg8 Kd6 35. Bf7 Bd1 36. Bg8 h6 37. c4 Bxg4 38. c5+ bxc5 39. bxc5+ Kxc5 40. Ke4 h5 41. Bh7 h4 42. Bf5 Bxf5+ 43. Kxf5 h3 0-1

[Event "Live Chess"]
[Site "Chess.com"]
[Date "2023.05.21"]
[Round "-"]
[White "tpm07"]
[Black "whitedjohn"]
[Result "1-0"]
[WhiteElo "1930"]
[BlackElo "1659"]
[TimeControl "300"]
[EndTime "4:52:56 PDT"]
[Termination "tpm07 won by resignation"]

1. d4 Nf6 2. c4 c5 3. Nf3 e6 4.
Nc3 d6 5. g3 Nc6 6. Bg2 e5 7.
dxc5 dxc5 8. Qxd8+ Kxd8 9. Bg5 Be7 10. O-O-O+ Ke8 11. e3 a6 12. Bxf6 gxf6 13. Nd5 Bd8 14. h3 Be6 15. Ng1 Nb4 16. Nxb4 cxb4 17. b3 Rb8 18. Ne2 Be7 19. g4 b5 20. cxb5 Rxb5 21. Bc6+ Bd7 22. Bxd7+ 1-0

[Event "Live Chess"]
[Site "Chess.com"]
[Date "2023.05.21"]
[Round "-"]
[White "LiamClery2020"]
[Black "davigator"]
[Result "0-1"]
[WhiteElo "2001"]
[BlackElo "2330"]
[TimeControl "300"]
[EndTime "4:52:59 PDT"]
[Termination "davigator won by resignation"]

1. e4 c5 2. Nf3 Nc6 3. Bb5 g6 4.
Bxc6 dxc6 5. O-O Bg7 6. Re1 e5 7. c3 Bg4 8. h3 Bxf3 9. Qxf3 Nf6 10. d3 O-O 11. Bg5 Qd6 12. Na3 h6 13. Nc4 Qe6 14. Bh4 b6 15. Bg3 Nd7 16. Rad1 Rac8 17. Ne3 Qxa2 18.
Qe2 Qe6 19. Ra1 a5 20. f4 exf4 21. Bxf4 Rfe8 22. Rad1 Nf6 23. Nc4 Nd7 24. Nd6 Rcd8 25. Nxe8 Rxe8 26. Qe3 Kh7 27. Bg3 Ne5 28. Bxe5 Bxe5 29. d4 cxd4 30. cxd4 Bc7 31. Rf1 Rd8 32.
Qf3 Rd7 33. d5 cxd5 34. exd5 Qd6 35. g3 h5 36. Kg2 b5 37. h4 b4 38. Rfe1 Kg7 39.
Re8 Bb6 40. Rc8 Qe5 41. Rd2 Bc7 42. Re2 Qd4 43. Ree8 Qxb2+ 44. Kh3 Be5 45. Rg8+ Kh7 46. Rcd8 Bf6 47. Rh8+ Bxh8 48. Rxd7 Bg7 49. Qxf7 b3 50.
Rd8 Qb1 51. Qf3 b2 52. d6 Qc2 53. d7 b1=Q 54. Rh8+ Bxh8 55. d8=Q Qf5+ 56. Qxf5 Qxf5+ 57. Kg2 Bg7 58. Qc7 a4 59. Qc1 Qe4+ 60. Kh3 Qe6+ 61. Kh2 Qd6 62. Kh1 a3 63. Qd2 Qxd2 64. g4 a2 0-1

[Event "Live Chess"]
[Site "Chess.com"]
[Date "2023.05.21"]
[Round "-"]
[White "wot-not"]
[Black "ViktorTheCoolBoy"]
[Result "0-1"]
[WhiteElo "1542"]
[BlackElo "2477"]
[TimeControl "300"]
[EndTime "4:53:05 PDT"]
[Termination "ViktorTheCoolBoy won by resignation"]

1. d4 g6 2. c4 Bg7 3. Nc3 d6 4. e3 e5 5. dxe5 dxe5 6. Qxd8+ Kxd8 7. Nf3 c6 8. Ng5 Nh6 9. Be2 f6 10. Nf3 Be6 11. O-O Nd7 12. b4 a5 13. b5 Kc7 14.
bxc6 bxc6 15. Ba3 Bf8 16. Bxf8 Rhxf8 17. Rfd1 Rfb8 18. Rab1 Nf7 19. Rxb8 Rxb8 20. Rb1 Rxb1+ 21. Nxb1 Nd6 22. Na3 Kb6 23. Nd2 Kc5 24. f4 Kb4 25.
Nc2+ Kc3 26. fxe5 fxe5 27. c5 Nxc5 0-1

[Event "Live Chess"]
[Site "Chess.com"]
[Date "2023.05.21"]
[Round "-"]
[White "zdanevych"]
[Black "YrrriKharkiv"]
[Result "0-1"]
[WhiteElo "1549"]
[BlackElo "2068"]
[TimeControl "300"]
[EndTime "4:53:10 PDT"]
[Termination "YrrriKharkiv won by resignation"]

1. d4 Nf6 2. c4 c5 3. d5 b5 4. Nc3 b4 5. Nb1 d6 6. a3 b3 7. Qxb3 g6 8. Nc3 Bg7 9. h3 Nbd7 10. Bg5 Rb8 11. Qc2 Qb6 12. Rb1 Qa5 13.
Bd2 Qb6 14. e4 O-O 15. Nf3 Ba6 16. Bd3 Qc7 17. O-O Nb6 18. b3 Nfd7 19. Ne2 e6 20. dxe6 fxe6 21. Ng5 Rfe8 22. Nf4 Nf8 23. Bc3 e5 24. Nd5 Nxd5 25. exd5 Bc8 26. Ne4 Nd7 27. Bd2 Rf8 28. Qc1 Nf6 29. Bh6 Rf7 30.
Bxg7 Kxg7 31. Ng5 Rf8 32. Ne4 Qe7 33. Qg5 a5 34. Nxf6 Qxf6 35. Qxg6+ hxg6 0-1

[Event "Live Chess"]
[Site "Chess.com"]
[Date "2023.05.21"]
[Round "-"]
[White "hturner40"]
[Black "CheckThis4"]
[Result "0-1"]
[WhiteElo "1773"]
[BlackElo "2508"]
[TimeControl "300"]
[EndTime "4:53:18 PDT"]
[Termination "CheckThis4 won by resignation"]

1. Nf3 c5 2. g3 Nc6 3. Bg2 e5 4. e4 Nf6 5. O-O Be7 6. d3 O-O 7. c3 d5 8. Qc2 c4 9. exd5 cxd3 10. Qxd3 e4 11. Qb5 exf3 12. dxc6 fxg2 13. Kxg2 bxc6 14.
Qxc6 Rb8 15. Qa4 Qd5+ 16. f3 Qd3 17. Bf4 Bh3+ 18. Kxh3 Qxf1+ 19. Kh4 Ne4+ 0-1

[Event "Live Chess"]
[Site "Chess.com"]
[Date "2023.05.21"]
[Round "-"]
[White "Ian-Morley"]
[Black "stevefairhurst"]
[Result "1-0"]
[WhiteElo "1068"]
[BlackElo "584"]
[TimeControl "300"]
[EndTime "4:53:27 PDT"]
[Termination "Ian-Morley won by resignation"]

1. d4 e5 2. e4 exd4 3. Qxd4 d6 4.
b3 Nf6 5. c4 Nc6 6. Qe3 Bd7 7.
Bb2 Qe7 8. Bxf6 Qxf6 9. Nd2 Qxa1+ 10. Ke2 Qxa2 11. f4 Bg4+ 12. Nf3 Nb4 13. h3 Bxf3+ 14.
gxf3 Nc2 15. Qd3 Nb4 16. Qc3 Nc2 17. h4 Qb1 18. Kd3 Rd8 19. Bg2 c6 20. Rxb1 d5 21.
exd5 cxd5 22. Kxc2 dxc4 23. Qxc4 Ke7 24. Qe4+ Kd7 25.
Rd1 g6 26. Nc4+ Kc7 27. Rxd8 Bb4 28. Rxh8 1-0

[Event "Live Chess"]
[Site "Chess.com"]
[Date "2023.05.21"]
[Round "-"]
[White "srichess4u"]
[Black "Chesscoach_Golichenko"]
[Result "0-1"]
[WhiteElo "652"]
[BlackElo "2612"]
[TimeControl "300"]
[EndTime "4:53:30 PDT"]
[Termination "Chesscoach_Golichenko won by resignation"]

1. e4 Nf6 2. Nc3 e5 3. d3 d5 4. exd5 Nxd5 5. Nxd5 Qxd5 6. c4 Qd8 7. Bg5 Qxg5 8. Nf3 Qf6 9. Qa4+ Nc6 10. O-O-O Bd7 11. d4 exd4 12. b4 Bxb4 13. a3 Bc3 14. Rd3 Ne5 15.
Nxe5 Bxa4 16. Rxc3 dxc3 0-1

[Event "Live Chess"]
[Site "Chess.com"]
[Date "2023.05.21"]
[Round "-"]
[White "manthanit"]
[Black "yeetpizza74"]
[Result "1-0"]
[WhiteElo "1095"]
[BlackElo "497"]
[TimeControl "300"]
[EndTime "4:53:33 PDT"]
[Termination "manthanit won by checkmate"]

1. e4 c6 2. g3 d5 3. Bg2 Nf6 4.
exd5 cxd5 5. d4 Nc6 6. h3 e5 7.
dxe5 Nxe5 8. Nc3 Be6 9. Bg5 Bb4 10. Nf3 O-O 11. O-O Nxf3+ 12. Bxf3 Bxc3 13. bxc3 Rc8 14. Rb1 Rxc3 15. Rxb7 Ne4 16. Bxd8 Bxh3 17. Bxe4 Bxf1 18.
Kxf1 Rxd8 19. Bxd5 Rc5 20. Bxf7+ Kf8 21. Qxd8# 1-0

[Event "Live Chess"]
[Site "Chess.com"]
[Date "2023.05.21"]
[Round "-"]
[White "TheAuditer"]
[Black "friarnator"]
[Result "0-1"]
[WhiteElo "1398"]
[BlackElo "2007"]
[TimeControl "300"]
[EndTime "4:53:41 PDT"]
[Termination "friarnator won by checkmate"]

1. d4 Nf6 2. Nf3 g6 3. c4 Bg7 4. Nc3 O-O 5. e4 d6 6. Bd3 e5 7. d5 a5 8. a4 Na6 9. O-O Nb4 10. Bb1 Nd7 11. Bd2 Nc5 12. Nb5 Nba6 13. Bxa5 b6 14. Bc3 f5 15. Nd2 f4 16. Nf3 g5 17.
h3 h5 18. Bd3 g4 19. hxg4 hxg4 20. Nh2 Qh4 21. f3 g3 22. Ng4 Bxg4 23. fxg4 Qh2# 0-1

[Event "Live Chess"]
[Site "Chess.com"]
[Date "2023.05.21"]
[Round "-"]
[White "gmnorfolk"]
[Black "domrobson"]
[Result "1-0"]
[WhiteElo "2127"]
[BlackElo "1710"]
[TimeControl "300"]
[EndTime "4:53:42 PDT"]
[Termination "gmnorfolk won by resignation"]

1. d4 Nf6 2. c4 e6 3. Nc3 d5 4.
cxd5 Nxd5 5. e4 Nb6 6. Be3 Bb4 7.
Nf3 O-O 8. Be2 Na6 9. O-O c5 10. a3 cxd4 11. Bxd4 Bc5 12. b4 Bxd4 13. Qxd4 Qxd4 14.
Nxd4 Bd7 15. Rfd1 Rac8 16. Ncb5 Bxb5 17. Nxb5 Rc2 18. Bd3 Rb2 19. Nxa7 Na4 20. Nb5 Rc8 21. Rac1 Rc6 22. Bc2 Kf8 23. Bxa4 1-0

[Event "Live Chess"]
[Site "Chess.com"]
[Date "2023.05.21"]
[Round "-"]
[White "KeithArkell"]
[Black "Vitalii18a"]
[Result "1-0"]
[WhiteElo "2488"]
[BlackElo "1136"]
[TimeControl "300"]
[EndTime "4:53:47 PDT"]
[Termination "KeithArkell won by checkmate"]

1. d4 d5 2. Nf3 e6 3. c4 c5 4.
cxd5 Qxd5 5. Nc3 Qd8 6. d5 Bd6 7. dxe6 Bxe6 8. Ne4 Bc7 9. Qxd8+ Bxd8 10. Nxc5 Nf6 11. Nxe6 fxe6 12. Bd2 O-O 13. e3 Nc6 14. Bc4 Ne4 15. Bxe6+ Kh8 16. Ke2 Nc5 17. Bd5 Bf6 18.
Bxc6 bxc6 19. Rac1 Na4 20. b3 Nb6 21. Rxc6 h6 22.
Rhc1 Rf7 23. Bc3 Bxc3 24. R1xc3 Nd5 25. Rc8+ Rxc8 26. Rxc8+ Kh7 27. Nd4 Nb6 28. Rc5 Nd7 29.
Rc7 Kg6 30. Nc6 Nb6 31. Ne5+ Kf6 32. Rxf7+ Kxe5 33. Rxg7 Nd5 34. Rxa7 Nc3+ 35. Kd3 Nb1 36. Ra5+ Kd6 37. a3 Kc6 38. Kc2 Nxa3+ 39. Rxa3 h5 40. Ra5 Kb6 41. Rxh5 Kc6 42. Kd3 Kd6 43. Kd4 Ke6 44.
g4 Kf6 45. h4 Kg6 46. b4 Kf6 47. Rh6+ Ke7 48. g5 Kf7 49. h5 Kg7 50. b5 Kf7 51. Rh7+ Kg8 52. g6 Kf8 53. b6 Ke8 54. b7 Kd8 55. b8=Q# 1-0

[Event "Live Chess"]
[Site "Chess.com"]
[Date "2023.05.21"]
[Round "-"]
[White "Duke_of_Bebington"]
[Black "JohanKjeldahl"]
[Result "0-1"]
[WhiteElo "1574"]
[BlackElo "1874"]
[TimeControl "300"]
[EndTime "4:53:55 PDT"]
[Termination "JohanKjeldahl won by resignation"]

1. e4 c5 2. Nh3 Nc6 3. f4 d6 4. Nf2 Nf6 5. d3 g6 6. g3 Bg7 7.
Bg2 O-O 8. O-O a6 9. b3 Nxe4 10. Nxe4 Bxa1 11. Nbc3 f5 0-1

[Event "Live Chess"]
[Site "Chess.com"]
[Date "2023.05.21"]
[Round "-"]
[White "defenderalist"]
[Black "seasidecastle27"]
[Result "0-1"]
[WhiteElo "1671"]
[BlackElo "1860"]
[TimeControl "300"]
[EndTime "4:53:56 PDT"]
[Termination "seasidecastle27 won by resignation"]

1. e4 d6 2. g3 e5 3. Bg2 Nf6 4. b3 Be7 5. Bb2 O-O 6. d3 c5 7. Nd2 Nc6 8. Ne2 Nd4 9. Nxd4 cxd4 10. f4 exf4 11. gxf4 Ng4 12. f5 Ne3 13. Qe2 Bh4+ 0-1

[Event "Live Chess"]
[Site "Chess.com"]
[Date "2023.05.21"]
[Round "-"]
[White "OleksiyJr1"]
[Black "howitzer14"]
[Result "0-1"]
[WhiteElo "1005"]
[BlackElo "2890"]
[TimeControl "300"]
[EndTime "4:54:02 PDT"]
[Termination "howitzer14 won by checkmate"]

1. e4 a5 2. c4 e6 3. Nf3 d5 4.
cxd5 exd5 5. exd5 Nf6 6. Nc3 Nxd5 7. Nxd5 Qxd5 8. d3 Nc6 9. Bf4 Bb4+ 10. Bd2 Bg4 11. Bxb4 Bxf3 12. Qxf3 Qxf3 13. gxf3 axb4 14.
Bg2 Nd4 15. O-O-O Rxa2 16. Rhe1+ Kd7 17. Re4 c5 18. Kb1 Rha8 19. h3 Ra1# 0-1